 Dungeon Crawl Stone Soup version 0.23.2-1-ga50397a6bc (webtiles) character file.

Game seed: 11990158801801166382

99 kiryas the Ruffian (level 4, -1/44 HPs)
             Began as a Troll Fighter on May 21, 2019.
             Slain by Pikel
             ... wielding a +2 whip of flaming
              (9 damage)
             ... on level 5 of the Dungeon.
             The game lasted 00:04:43 (1385 turns).

kiryas the Ruffian (Troll Fighter)                  Turns: 1385, Time: 00:04:44

Health: -1/44      AC:  8    Str: 24    XL:     4   Next: 45%
Magic:  3/3        EV:  8    Int:  4    God:
Gold:   67         SH:  9    Dex: 10    Spells: 3/3 levels left

rFire    . . .     SeeInvis .     - Unarmed
rCold    . . .     Gourm    +   b - +0 shield
rNeg     . . .     Faith    .   a - +0 robe
rPois    .         Spirit   .   (helmet restricted)
rElec    .         Reflect  .   m - +1 cloak
rCorr    .         Harm     .   (gloves unavailable)
MR       .....                  (boots unavailable)
Stlth    +.........             (no amulet)
HPRegen  0.54/turn              (no ring)
MPRegen  0.08/turn              (no ring)

@: no status effects
A: large, unfitting armour, claws 3, fast metabolism 3, gourmand, regeneration
1, shaggy fur 1, tough skin 3
a: no special abilities


You were on level 5 of the Dungeon.
You were completely stuffed.

You visited 1 branch of the dungeon, and saw 4 of its levels.

You collected 67 gold pieces.

Inventory:

Missiles
 g - 167 stones (quivered)
Armour
 a - a +0 robe (worn)
 b - a +0 shield (worn)
 m - a +1 cloak (worn)
Jewellery
 l - an uncursed ring of poison resistance
Scrolls
 f - a scroll of identify
 h - a scroll of magic mapping {unknown}
 i - a scroll of fog {unknown}
 j - 2 scrolls of enchant weapon {unknown}
 k - a scroll of blinking {unknown}
 n - a scroll of amnesia {unknown}
 o - a scroll of enchant armour {unknown}
 r - a scroll of remove curse {unknown}
 s - a scroll of immolation {unknown}
Potions
 c - a potion of might
 e - a potion of agility {unknown}
 p - a potion of heal wounds {unknown}
 t - a potion of resistance {unknown}
Comestibles
 d - 2 rations
 q - 3 chunks of flesh


   Skills:
 + Level 2.8 Fighting
 + Level 3.0 Dodging
 + Level 3.0 Shields
 + Level 3.1 Unarmed Combat


You had 3 spell levels left.
You didn't know any spells.
Your spell library was empty.

Dungeon Overview and Level Annotations

Branches:
Dungeon (3/15)

Altars:

Annotations:
D:5 Pikel


Innate Abilities, Weirdness & Mutations

You are too large for most types of armour.
You have claws for hands.
Your metabolism is lightning-fast.
You like to eat raw meat.
Your natural rate of healing is unusually fast.
You are covered in fur. (AC +1)
You have extremely tough skin. (AC +3)


Message History

Pikel burns you.
You are too injured to fight recklessly!
You block the slave's attack.
A slave comes into view.
You are too injured to fight recklessly!
You are too injured to fight recklessly!
You are too injured to fight recklessly!
You are too injured to fight recklessly!
You're too full to eat anything.
As you read the scroll labeled MOUFIMENAM, it crumbles to dust.
It is a scroll of identify.
l - an uncursed ring of poison resistance Pikel hits you with a +2 whip of flaming.
* * * LOW HITPOINT WARNING * * *
Pikel burns you.
* * * LOW HITPOINT WARNING * * *
The slave hits you but does no damage. You block the slave's attack.
You closely miss the slave.
Pikel hits you with a +2 whip of flaming!
You die...

#### ###.. ..[# #..#
###..##
#..[K.##.##.# #
#.#@p.......<
####.###.#.p[..p#...
#........#.#####....
#.##.......# ...
#####.### . #.# ..#
##.# #.#


You could see Pikel and 3 slaves.

Vanquished Creatures
  A slave (D:5)
  3 adders (D:2)
  A gnoll (D:1)
  2 worms
  4 dart slugs (D:1)
  2 leopard geckos
  An orc (D:5)
  A giant cockroach (D:1)
  5 goblins
  9 hobgoblins
  4 jackals (D:3)
  3 bats (D:1)
  4 frilled lizards
  3 kobolds
  3 rats
46 creatures vanquished.

Notes
Turn   | Place    | Note
-------+----------+-------------------------------------------
     0 | D:1      | kiryas the Troll Fighter began the quest for the Orb.
     0 | D:1      | Reached XP level 1. HP: 22/22 MP: 0/0
    16 | D:1      | Reached XP level 2. HP: 9/29 MP: 1/1
   185 | D:1      | Reached XP level 3. HP: 36/36 MP: 2/2
   923 | D:2      | Reached XP level 4. HP: 38/44 MP: 3/3
  1352 | D:3      | You fall through a shaft for 2 floors!
  1352 | D:5      | Entered Level 5 of the Dungeon
  1366 | D:5      | Noticed a slave
  1368 | D:5      | Noticed a slave
  1369 | D:5      | Noticed a slave
  1374 | D:5      | Noticed Pikel
  1376 | D:5      | Killed a slave
  1382 | D:5      | Noticed a slave
  1385 | D:5      | Slain by Pikel

Skill      XL: |  1  2  3  4 |
---------------+-------------+-----
Dodging        | 3 |  3.0
Shields        | 3 |  3.0
Unarmed Combat | 3 |  3.1
Fighting       | |  2.8

Action                   |  1- 3 |  4- 6 || total
-------------------------+-------+-------++-------
Melee: Unarmed           |    98 |    52 ||   150
  Use: Scroll            |       |     1 ||     1
  Eat: Chunk             |    11 |     7 ||    18
Armor: Robe              |    24 |    12 ||    36
Dodge: Dodged            |    21 |     8 ||    29
Block: Shield            |    30 |    17 ||    47
